Map: Moonlight Madness LE (Void)

Players

SticklerMac - Winner!

  • Race: Zerg Zerg

Bourgtard

  • Race: Protoss Protoss
  • League: Bronze

VOD

Have the link to the VOD?

Description

Time

  • Played on: Aug. 5, 2015, 6:51 p.m.
  • Length: 8:00
Show
View Real Time Build Order
Export as new Build Order

SticklerMac Zerg - Winner!

Build Orders: Pool First 

Get SALT Encoding   

  12  0:00  Drone  
  13  0:08  Drone  
  14  0:16  Overlord  
  14  0:38  Drone x2  
  16  0:45  Spawning Pool  
  16  0:48  Drone  
  16  0:58  Drone  
  17  1:15  Hatchery  
  17  1:18  Drone  
  17  1:21  Extractor  
  17  1:22  Drone  
  17  1:37  Drone  
  18  1:52  Drone x2  
  20  1:55  Queen  
  22  2:04  Overlord  
  22  2:14  Overlord  
  22  2:24  Zergling x2  
  22  2:28  Zergling x2  
  24  2:37  Queen  
  24  2:39  Metabolic Boost  
  24  2:40  Zergling x2  
  24  2:41  Zergling x2  
  28  2:56  Zergling x4  
  30  3:13  Zergling x2  
  30  3:14  Zergling x12  
  37  3:26  Zergling x2  
  37  3:27  Zergling x2  
  39  3:29  Zergling x2  
  39  3:31  Zergling x2  
  41  3:47  Zergling x4  
  42  3:54  Zergling x6  
  42  3:55  Zergling x2  
  43  4:02  Drone  
  42  4:12  Zergling x4  
  42  4:14  Overlord  
  44  4:24  Baneling Nest  
  43  4:25  Zergling x2  
  43  4:26  Overlord  
  44  4:45  Zergling x14  
  50  4:46  Zergling x2  
  50  4:48  Zergling x2  
  50  4:51  Zergling x2  
  54  4:53  Zergling x2  
  55  5:09  Baneling  
  55  5:10  Baneling x5  
  55  5:14  Zergling x2  
  55  5:15  Zergling x8  
  60  5:35  Baneling  
  60  5:43  Overlord  
  60  5:44  Overlord x2  
  51  6:17  Zergling x2  
  51  6:18  Zergling x28  
  57  6:23  Zergling x2  
  57  6:25  Zergling x2  
  63  6:30  Zergling x2  
  63  6:31  Zergling x2  
  62  6:34  Zergling x2  
  62  6:37  Zergling x2  
  60  6:40  Zergling x2  
  58  6:48  Zergling x4  
  58  6:51  Zergling x2  
  57  6:57  Zergling x2  
  54  7:05  Zergling x2  
  54  7:09  Zergling x2  
  54  7:13  Zergling x2  
  54  7:21  Zergling x2  
  50  7:24  Zergling x2  
  50  7:29  Zergling x10  
  54  7:30  Zergling x4  
  54  7:32  Zergling x2  
Show
View Real Time Build Order
Export as new Build Order

Bourgtard Protoss 

Build Orders:  

Get SALT Encoding   

  12  0:01  Probe  
  13  0:16  Pylon  
  13  0:20  Probe  
  14  0:41  Forge  
  14  0:53  Probe (Chrono Boost)  
  14  0:56  Assimilator  
  15  1:02  Gateway  
  15  1:03  Probe (Chrono Boost)  
  16  1:36  Pylon  
  16  1:48  Probe  
  16  1:54  Zealot  
  19  2:00  Probe  
  20  2:12  Probe  
  21  2:21  Zealot  
  23  2:24  Probe  
  24  2:30  Pylon  
  24  2:32  Assimilator  
  24  2:39  Photon Cannon  
  24  2:46  Photon Cannon  
  24  2:50  Photon Cannon  
  23  3:11  Cybernetics Core  
  21  3:19  Photon Cannon  
  21  3:20  Gateway x2  
  21  3:23  Pylon  
  21  3:24  Pylon  
  21  3:25  Zealot (Chrono Boost)  
  23  4:00  Warp Gate (Chrono Boost)  
  23  4:07  Twilight Council  
  23  4:10  Stargate  
  23  4:13  Stargate  
  23  4:41  Nexus  
  23  4:42  Stalker  
  25  4:53  Pylon  
  25  5:03  Probe (Chrono Boost)  
  26  5:07  Pylon  
  26  5:13  Probe (Chrono Boost)  
  27  5:20  Probe  
  28  5:36  Dark Shrine  
  28  5:40  Photon Cannon  
  30  5:55  Mothership Core (Chrono Boost)  
  30  5:59  Void Ray (Chrono Boost)  
  28  6:08  Zealot  
  30  6:24  Zealot x2  
  29  6:38  Zealot  
  8  6:55  Probe x2  
  7  7:31  Probe  
Tags
 
Add a new tag
Caveats
  • Supply blocks, unpowered buildings, or Contaminate may cause inaccurate times.
  • Supply counts are checked every 10 seconds.